 Dungeon Crawl Stone Soup version 0.29-a0-997-gf6f7e2dfe7 (webtiles) character file.

Game seed: 1948695332010490825

18 SkeletonJelly the Trooper (level 2, -3/26 HPs)
             Began as a Draconian Monk on Aug 4, 2022.
             Frozen to death by an endoplasm (5 damage)
             ... on level 1 of the Dungeon.
             The game lasted 00:00:33 (230 turns).

SkeletonJelly the Trooper (Draconian Monk)           Turns: 230, Time: 00:00:33

Health: -3/26      AC:  4    Str: 13    XL:     2   Next: 48%
Magic:  2/2        EV: 12    Int: 10    God:
Gold:   30         SH:  0    Dex: 13    Spells: 1/1 levels left

rFire   . . .      SeeInvis .   a - +0 falchion
rCold   . . .      Faith    .   (no shield)
rNeg    . . .      Spirit   .   (body armour unavailable)
rPois   .          Reflect  .   (helmet restricted)
rElec   .          Harm     .   (no cloak)
rCorr   .          Rampage  .   (no gloves)
Will    .....                   (no boots)
Stlth   ++........              (no amulet)
HPRegen 0.08/turn               (no ring)
MPRegen 0.08/turn               (no ring)

@: slowed, very slow
A: AC +4, unfitting armour, cold-blooded
a: no special abilities


You were on level 1 of the Dungeon.
You visited 1 branch of the dungeon, and saw 1 of its levels.

You collected 30 gold pieces.

Inventory:

Hand Weapons
 a - a +0 falchion (weapon)
Scrolls
 c - a scroll of identify {unknown}
 d - a scroll of silence {unknown}
 e - a scroll of teleportation {unknown}
Potions
 b - 2 potions of ambrosia


   Skills:
 + Level 3.6 Fighting
 * Level 3.6 Long Blades
 - Level 2.6 Dodging
 - Level 1.7 Stealth


You had one spell level left.
You didn't know any spells.
Your spell library was empty.

Dungeon Overview and Level Annotations

Branches:
Dungeon (1/15)

Altars:


Innate Abilities, Weirdness & Mutations

Your plain brown scales are hard. (AC +4)
You cannot fit into any form of body armour.
You are cold-blooded and may be slowed by cold attacks.


Message History

You hit the giant cockroach.
The giant cockroach is severely wounded.
The giant cockroach closely misses you.
You hit the giant cockroach but do no damage.
You tail-slap the giant cockroach, but do no damage.
The giant cockroach is severely wounded.
The giant cockroach barely misses you.
The giant cockroach bites you but does no damage.
A giant cockroach is nearby!
A giant cockroach is nearby!
A giant cockroach is nearby!
A giant cockroach is nearby!
A giant cockroach is nearby!
You closely miss the giant cockroach.
The giant cockroach is heavily wounded.
The giant cockroach completely misses you.
You hit the giant cockroach.
The giant cockroach is almost dead.
The giant cockroach bites you but does no damage.
The giant cockroach closely misses you.
You hit the giant cockroach.
You kill the giant cockroach!
No target in view!
No target in view!
No target in view!
Things that are here:
a +0 club; a giant cockroach corpse
e - a scroll labelled QAH WULUCHEOR A hobgoblin comes into view.
The hobgoblin shouts!
A hobgoblin is nearby!
A hobgoblin is nearby!
A hobgoblin is nearby!
A rat and a hobgoblin come into view.
Found a stone staircase leading down.
A rat comes into view.
The hobgoblin hits you but does no damage.
You slash the hobgoblin!
You kill the hobgoblin!
You hit the rat.
You kill the rat!
The rat barely misses you.
You barely miss the rat.
An endoplasm comes into view.
The rat misses you.
The endoplasm quivers.
The hobgoblin shouts!
You hit the rat.
You kill the rat!
You closely miss the hobgoblin. The hobgoblin completely misses you.
You closely miss the hobgoblin.
The hobgoblin hits you but does no damage.
You hit the endoplasm.
The endoplasm is almost dead.
The endoplasm freezes you.
You are frozen.
You feel yourself slow down. The hobgoblin hits you.
The hobgoblin hits you but does no damage.
The endoplasm closely misses you.
You take 7 damage, and have 19/26 hp.
MASSIVE DAMAGE!!
There are monsters nearby!
You barely miss the endoplasm.
The endoplasm is almost dead.
The hobgoblin hits you. The endoplasm misses you.
You take 4 damage, and have 15/26 hp.
You hit the endoplasm but do no damage.
You tail-slap the endoplasm, but do no damage.
The endoplasm is almost dead.
The endoplasm freezes you.
You are frozen.
The hobgoblin hits you. The hobgoblin barely misses you.
The endoplasm freezes you.
You are frozen.
You feel as though you will be slow longer.
You take 5 damage, and have 10/26 hp.
You are too injured to fight recklessly!
You are too injured to fight recklessly!
You are too injured to fight recklessly!
You are too injured to fight recklessly!
You are too injured to fight recklessly!
You hit the endoplasm but do no damage.
The endoplasm is almost dead.
The endoplasm freezes you.
You are frozen.
You feel as though you will be slow longer.
The hobgoblin hits you.
* * * LOW HITPOINT WARNING * * *
The hobgoblin hits you.
* * * LOW HITPOINT WARNING * * *
The endoplasm barely misses you.
You take 6 damage, and have 4/26 hp.
MASSIVE DAMAGE!!
You barely miss the endoplasm.
Your tail-slap misses the endoplasm.
The endoplasm is almost dead.
The hobgoblin hits you but does no damage.
The endoplasm hits you.
* * * LOW HITPOINT WARNING * * *
You take 2 damage, and have 2/26 hp.
You hit the endoplasm but do no damage.
The endoplasm is almost dead.
The endoplasm freezes you.
You are frozen.
You die...

............
..##.##........
..##.##+#.##..# #
..##......##..## .#
..##......##... .># #
..........##.######..#.#
........................
..........##.....J...#.#
#.#.............@g......
#.#.###...#########.##.#
......)........
#.#.###...##... #.#.#
#......... ..#.#
#...###### #.#.# #...#
#.#.# #...# #.#.# #...#


You could see an endoplasm and a hobgoblin.

Vanquished Creatures
  4 ball pythons (D:1)
  A bat (D:1)
  A giant cockroach (D:1)
  2 goblins (D:1)
  4 hobgoblins (D:1)
  2 frilled lizards (D:1)
  2 rats (D:1)
16 creatures vanquished.

Notes
Turn   | Place    | Note
-------+----------+-------------------------------------------
     0 | D:1      | SkeletonJelly the Draconian Monk began the quest for the
                  | Orb.
     0 | D:1      | Reached XP level 1. HP: 19/19 MP: 1/1
    77 | D:1      | Reached XP level 2. HP: 26/26 MP: 2/2
   230 | D:1      | Frozen to death by an endoplasm

Illustrated notes

Levels and vault maps discovered:
D:1:      mrwooster_arrival_statue_3, layout_basic

Action                   || total
-------------------------++-------
Melee: Falchion          ||    43
       Tailslap          ||     3
 Stab: Sleeping          ||     1
Armor: Skin              ||    18
Dodge: Dodged            ||    34

Table legend: (Time is in decaauts)
 A = Elapsed time spent in this place.
 B = Non-inter-level travel time spent in this place.
 C = Inter-level travel time spent in this place.
 D = Time resting spent in this place.
 E = Time spent auto-exploring this place.
 F = Levels seen in this place.
 G = Mean time per level.
                   A        B        C        D        E       F      G
               +--------+--------+--------+--------+--------+-----+--------+
         Total |    237 |    237 |      0 |      0 |    148 |   1 |  237.0 |
       Dungeon |    237 |    237 |      0 |      0 |    148 |   1 |  237.0 |
               +--------+--------+--------+--------+--------+-----+--------+

Top non-repeatable levels by time:
     D:1: 237 daAuts
